Workbook

Sheet Sheet1
A1: Matthew Olivo
A2: Personal Financial plan
A4: Part I
A6: Start | B6: 10000
A7: Investments | B7: 1500
A8: Necessary purchases | B8: 750
A9: Savings | B9: 7000
A11: Take home | B11: =B6-B7-B8-B9 -> 750

Sheet Sheet2
A4: Part II
A5: (Over the next 10 years) | E5: If I have my own Place | F5: Monthly Pay | G5: Rent | H5: Utilities | I5: Investement | J5: Necesseties | K5: Take home | L5: Savings | P5: If I move in with my brother | Q5: Monthly Pay | R5: Rent | S5: Utilities | T5: Investement | U5: Necesseties | V5: Take home | W5: Savings
A6: Annual Salary | B6: 70000 | E6: 46388 | F6: =$B$7 -> 5833.3333 | G6: 2000 | H6: 350 | I6: 500 | J6: 600 | K6: 300 | L6: =F6-G6-H6-I6-J6-K6 -> 2083.3333 | P6: 46388 | Q6: =$B$7 -> 5833.3333 | R6: =2000-250 -> 1750 | S6: 350 | T6: 500 | U6: 600 | V6: 300 | W6: =Q6-R6-S6-T6-U6-V6 -> 2333.3333
A7: Monthly Pay | B7: =B6/12 -> 5833.3333 | E7: 46419 | F7: =$B$7 -> 5833.3333 | G7: 2000 | H7: =H6 -> 350 | I7: 500 | J7: 600 | K7: 300 | L7: =F7-G7-H7-I7-J7-K7 -> 2083.3333 | P7: 46419 | Q7: =$B$7 -> 5833.3333 | R7: =R6 -> 1750 | S7: =S6 -> 350 | T7: 500 | U7: 600 | V7: 300 | W7: =Q7-R7-S7-T7-U7-V7 -> 2333.3333
E8: 46447 | F8: =$B$7 -> 5833.3333 | G8: 2000 | H8: 300 | I8: 500 | J8: 600 | K8: 300 | L8: =F8-G8-H8-I8-J8-K8 -> 2133.3333 | P8: 46447 | Q8: =$B$7 -> 5833.3333 | R8: =R7 -> 1750 | S8: 300 | T8: 500 | U8: 600 | V8: 300 | W8: =Q8-R8-S8-T8-U8-V8 -> 2383.3333
E9: 46478 | F9: =$B$7 -> 5833.3333 | G9: 2000 | H9: =H8 -> 300 | I9: 500 | J9: 600 | K9: 300 | L9: =F9-G9-H9-I9-J9-K9 -> 2133.3333 | P9: 46478 | Q9: =$B$7 -> 5833.3333 | R9: =R8 -> 1750 | S9: =S8 -> 300 | T9: 500 | U9: 600 | V9: 300 | W9: =Q9-R9-S9-T9-U9-V9 -> 2383.3333
E10: 46508 | F10: =$B$7 -> 5833.3333 | G10: 2000 | H10: =H9 -> 300 | I10: 500 | J10: 600 | K10: 300 | L10: =F10-G10-H10-I10-J10-K10 -> 2133.3333 | P10: 46508 | Q10: =$B$7 -> 5833.3333 | R10: =R9 -> 1750 | S10: =S9 -> 300 | T10: 500 | U10: 600 | V10: 300 | W10: =Q10-R10-S10-T10-U10-V10 -> 2383.3333
A11: (Monthly rent Goess up $250 every 2 years | E11: 46539 | F11: =$B$7 -> 5833.3333 | G11: 2000 | H11: =H10 -> 300 | I11: 500 | J11: 600 | K11: 300 | L11: =F11-G11-H11-I11-J11-K11 -> 2133.3333 | P11: 46539 | Q11: =$B$7 -> 5833.3333 | R11: =R10 -> 1750 | S11: =S10 -> 300 | T11: 500 | U11: 600 | V11: 300 | W11: =Q11-R11-S11-T11-U11-V11 -> 2383.3333
A12: Utilities are more during winter months | E12: 46569 | F12: =$B$7 -> 5833.3333 | G12: 2000 | H12: =H11 -> 300 | I12: 500 | J12: 600 | K12: 300 | L12: =F12-G12-H12-I12-J12-K12 -> 2133.3333 | P12: 46569 | Q12: =$B$7 -> 5833.3333 | R12: =R11 -> 1750 | S12: =S11 -> 300 | T12: 500 | U12: 600 | V12: 300 | W12: =Q12-R12-S12-T12-U12-V12 -> 2383.3333
E13: 46600 | F13: =$B$7 -> 5833.3333 | G13: 2000 | H13: =H12 -> 300 | I13: 500 | J13: 600 | K13: 300 | L13: =F13-G13-H13-I13-J13-K13 -> 2133.3333 | P13: 46600 | Q13: =$B$7 -> 5833.3333 | R13: =R12 -> 1750 | S13: =S12 -> 300 | T13: 500 | U13: 600 | V13: 300 | W13: =Q13-R13-S13-T13-U13-V13 -> 2383.3333
E14: 46631 | F14: =$B$7 -> 5833.3333 | G14: 2000 | H14: =H13 -> 300 | I14: 500 | J14: 600 | K14: 300 | L14: =F14-G14-H14-I14-J14-K14 -> 2133.3333 | P14: 46631 | Q14: =$B$7 -> 5833.3333 | R14: =R13 -> 1750 | S14: =S13 -> 300 | T14: 500 | U14: 600 | V14: 300 | W14: =Q14-R14-S14-T14-U14-V14 -> 2383.3333
E15: 46661 | F15: =$B$7 -> 5833.3333 | G15: 2000 | H15: =H14 -> 300 | I15: 500 | J15: 600 | K15: 300 | L15: =F15-G15-H15-I15-J15-K15 -> 2133.3333 | P15: 46661 | Q15: =$B$7 -> 5833.3333 | R15: =R14 -> 1750 | S15: =S14 -> 300 | T15: 500 | U15: 600 | V15: 300 | W15: =Q15-R15-S15-T15-U15-V15 -> 2383.3333
E16: 46692 | F16: =$B$7 -> 5833.3333 | G16: 2000 | H16: =H7 -> 350 | I16: 500 | J16: 600 | K16: 300 | L16: =F16-G16-H16-I16-J16-K16 -> 2083.3333 | P16: 46692 | Q16: =$B$7 -> 5833.3333 | R16: =R15 -> 1750 | S16: =S7 -> 350 | T16: 500 | U16: 600 | V16: 300 | W16: =Q16-R16-S16-T16-U16-V16 -> 2333.3333
E17: 46722 | F17: =$B$7 -> 5833.3333 | G17: 2000 | H17: =H16 -> 350 | I17: 500 | J17: 600 | K17: 300 | L17: =F17-G17-H17-I17-J17-K17 -> 2083.3333 | M17: =X17 -> 2027 total | N17: =SUM(L6:L17) -> 25400 | P17: 46722 | Q17: =$B$7 -> 5833.3333 | R17: =R16 -> 1750 | S17: =S16 -> 350 | T17: 500 | U17: 600 | V17: 300 | W17: =Q17-R17-S17-T17-U17-V17 -> 2333.3333 | X17: 2027 total | Y17: =SUM(W6:W17) -> 28400
E18: 46753 | F18: =$B$7 -> 5833.3333 | G18: 2000 | H18: =H6 -> 350 | I18: 500 | J18: 600 | K18: 300 | L18: =F18-G18-H18-I18-J18-K18 -> 2083.3333 | P18: 46753 | Q18: =$B$7 -> 5833.3333 | R18: =R17 -> 1750 | S18: =S6 -> 350 | T18: 500 | U18: 600 | V18: 300 | W18: =Q18-R18-S18-T18-U18-V18 -> 2333.3333
E19: 46784 | F19: =$B$7 -> 5833.3333 | G19: 2000 | H19: =H7 -> 350 | I19: 500 | J19: 600 | K19: 300 | L19: =F19-G19-H19-I19-J19-K19 -> 2083.3333 | P19: 46784 | Q19: =$B$7 -> 5833.3333 | R19: =R18 -> 1750 | S19: =S7 -> 350 | T19: 500 | U19: 600 | V19: 300 | W19: =Q19-R19-S19-T19-U19-V19 -> 2333.3333
E20: 46813 | F20: =$B$7 -> 5833.3333 | G20: 2000 | H20: =H8 -> 300 | I20: 500 | J20: 600 | K20: 300 | L20: =F20-G20-H20-I20-J20-K20 -> 2133.3333 | P20: 46813 | Q20: =$B$7 -> 5833.3333 | R20: =R19 -> 1750 | S20: =S8 -> 300 | T20: 500 | U20: 600 | V20: 300 | W20: =Q20-R20-S20-T20-U20-V20 -> 2383.3333
E21: 46844 | F21: =$B$7 -> 5833.3333 | G21: 2000 | H21: =H9 -> 300 | I21: 500 | J21: 600 | K21: 300 | L21: =F21-G21-H21-I21-J21-K21 -> 2133.3333 | P21: 46844 | Q21: =$B$7 -> 5833.3333 | R21: =R20 -> 1750 | S21: =S9 -> 300 | T21: 500 | U21: 600 | V21: 300 | W21: =Q21-R21-S21-T21-U21-V21 -> 2383.3333
E22: 46874 | F22: =$B$7 -> 5833.3333 | G22: 2000 | H22: =H10 -> 300 | I22: 500 | J22: 600 | K22: 300 | L22: =F22-G22-H22-I22-J22-K22 -> 2133.3333 | P22: 46874 | Q22: =$B$7 -> 5833.3333 | R22: =R21 -> 1750 | S22: =S10 -> 300 | T22: 500 | U22: 600 | V22: 300 | W22: =Q22-R22-S22-T22-U22-V22 -> 2383.3333
E23: 46905 | F23: =$B$7 -> 5833.3333 | G23: 2000 | H23: =H11 -> 300 | I23: 500 | J23: 600 | K23: 300 | L23: =F23-G23-H23-I23-J23-K23 -> 2133.3333 | P23: 46905 | Q23: =$B$7 -> 5833.3333 | R23: =R22 -> 1750 | S23: =S11 -> 300 | T23: 500 | U23: 600 | V23: 300 | W23: =Q23-R23-S23-T23-U23-V23 -> 2383.3333
E24: 46935 | F24: =$B$7 -> 5833.3333 | G24: 2000 | H24: =H12 -> 300 | I24: 500 | J24: 600 | K24: 300 | L24: =F24-G24-H24-I24-J24-K24 -> 2133.3333 | P24: 46935 | Q24: =$B$7 -> 5833.3333 | R24: =R23 -> 1750 | S24: =S12 -> 300 | T24: 500 | U24: 600 | V24: 300 | W24: =Q24-R24-S24-T24-U24-V24 -> 2383.3333
E25: 46966 | F25: =$B$7 -> 5833.3333 | G25: 2000 | H25: =H13 -> 300 | I25: 500 | J25: 600 | K25: 300 | L25: =F25-G25-H25-I25-J25-K25 -> 2133.3333 | P25: 46966 | Q25: =$B$7 -> 5833.3333 | R25: =R24 -> 1750 | S25: =S13 -> 300 | T25: 500 | U25: 600 | V25: 300 | W25: =Q25-R25-S25-T25-U25-V25 -> 2383.3333
E26: 46997 | F26: =$B$7 -> 5833.3333 | G26: 2000 | H26: =H14 -> 300 | I26: 500 | J26: 600 | K26: 300 | L26: =F26-G26-H26-I26-J26-K26 -> 2133.3333 | P26: 46997 | Q26: =$B$7 -> 5833.3333 | R26: =R25 -> 1750 | S26: =S14 -> 300 | T26: 500 | U26: 600 | V26: 300 | W26: =Q26-R26-S26-T26-U26-V26 -> 2383.3333
E27: 47027 | F27: =$B$7 -> 5833.3333 | G27: 2000 | H27: =H15 -> 300 | I27: 500 | J27: 600 | K27: 300 | L27: =F27-G27-H27-I27-J27-K27 -> 2133.3333 | P27: 47027 | Q27: =$B$7 -> 5833.3333 | R27: =R26 -> 1750 | S27: =S15 -> 300 | T27: 500 | U27: 600 | V27: 300 | W27: =Q27-R27-S27-T27-U27-V27 -> 2383.3333
E28: 47058 | F28: =$B$7 -> 5833.3333 | G28: 2000 | H28: =H16 -> 350 | I28: 500 | J28: 600 | K28: 300 | L28: =F28-G28-H28-I28-J28-K28 -> 2083.3333 | P28: 47058 | Q28: =$B$7 -> 5833.3333 | R28: =R27 -> 1750 | S28: =S16 -> 350 | T28: 500 | U28: 600 | V28: 300 | W28: =Q28-R28-S28-T28-U28-V28 -> 2333.3333
E29: 47088 | F29: =$B$7 -> 5833.3333 | G29: 2000 | H29: =H17 -> 350 | I29: 500 | J29: 600 | K29: 300 | L29: =F29-G29-H29-I29-J29-K29 -> 2083.3333 | M29: =X29 -> 2028 total | N29: =SUM(L18:L29) -> 25400 | P29: 47088 | Q29: =$B$7 -> 5833.3333 | R29: =R28 -> 1750 | S29: =S17 -> 350 | T29: 500 | U29: 600 | V29: 300 | W29: =Q29-R29-S29-T29-U29-V29 -> 2333.3333 | X29: 2028 total | Y29: =SUM(W18:W29) -> 28400
E30: 47119 | F30: =$B$7 -> 5833.3333 | G30: 2250 | H30: =H18 -> 350 | I30: 500 | J30: 600 | K30: 300 | L30: =F30-G30-H30-I30-J30-K30 -> 1833.3333 | P30: 47119 | Q30: =$B$7 -> 5833.3333 | R30: =R29+250 -> 2000 | S30: =S18 -> 350 | T30: 500 | U30: 600 | V30: 300 | W30: =Q30-R30-S30-T30-U30-V30 -> 2083.3333
E31: 47150 | F31: =$B$7 -> 5833.3333 | G31: 2250 | H31: =H19 -> 350 | I31: 500 | J31: 600 | K31: 300 | L31: =F31-G31-H31-I31-J31-K31 -> 1833.3333 | P31: 47150 | Q31: =$B$7 -> 5833.3333 | R31: =R30 -> 2000 | S31: =S19 -> 350 | T31: 500 | U31: 600 | V31: 300 | W31: =Q31-R31-S31-T31-U31-V31 -> 2083.3333
E32: 47178 | F32: =$B$7 -> 5833.3333 | G32: 2250 | H32: =H20 -> 300 | I32: 500 | J32: 600 | K32: 300 | L32: =F32-G32-H32-I32-J32-K32 -> 1883.3333 | P32: 47178 | Q32: =$B$7 -> 5833.3333 | R32: =R31 -> 2000 | S32: =S20 -> 300 | T32: 500 | U32: 600 | V32: 300 | W32: =Q32-R32-S32-T32-U32-V32 -> 2133.3333
E33: 47209 | F33: =$B$7 -> 5833.3333 | G33: 2250 | H33: =H21 -> 300 | I33: 500 | J33: 600 | K33: 300 | L33: =F33-G33-H33-I33-J33-K33 -> 1883.3333 | P33: 47209 | Q33: =$B$7 -> 5833.3333 | R33: =R32 -> 2000 | S33: =S21 -> 300 | T33: 500 | U33: 600 | V33: 300 | W33: =Q33-R33-S33-T33-U33-V33 -> 2133.3333
E34: 47239 | F34: =$B$7 -> 5833.3333 | G34: 2250 | H34: =H22 -> 300 | I34: 500 | J34: 600 | K34: 300 | L34: =F34-G34-H34-I34-J34-K34 -> 1883.3333 | P34: 47239 | Q34: =$B$7 -> 5833.3333 | R34: =R33 -> 2000 | S34: =S22 -> 300 | T34: 500 | U34: 600 | V34: 300 | W34: =Q34-R34-S34-T34-U34-V34 -> 2133.3333
E35: 47270 | F35: =$B$7 -> 5833.3333 | G35: 2250 | H35: =H23 -> 300 | I35: 500 | J35: 600 | K35: 300 | L35: =F35-G35-H35-I35-J35-K35 -> 1883.3333 | P35: 47270 | Q35: =$B$7 -> 5833.3333 | R35: =R34 -> 2000 | S35: =S23 -> 300 | T35: 500 | U35: 600 | V35: 300 | W35: =Q35-R35-S35-T35-U35-V35 -> 2133.3333
E36: 47300 | F36: =$B$7 -> 5833.3333 | G36: 2250 | H36: =H24 -> 300 | I36: 500 | J36: 600 | K36: 300 | L36: =F36-G36-H36-I36-J36-K36 -> 1883.3333 | P36: 47300 | Q36: =$B$7 -> 5833.3333 | R36: =R35 -> 2000 | S36: =S24 -> 300 | T36: 500 | U36: 600 | V36: 300 | W36: =Q36-R36-S36-T36-U36-V36 -> 2133.3333
E37: 47331 | F37: =$B$7 -> 5833.3333 | G37: 2250 | H37: =H25 -> 300 | I37: 500 | J37: 600 | K37: 300 | L37: =F37-G37-H37-I37-J37-K37 -> 1883.3333 | P37: 47331 | Q37: =$B$7 -> 5833.3333 | R37: =R36 -> 2000 | S37: =S25 -> 300 | T37: 500 | U37: 600 | V37: 300 | W37: =Q37-R37-S37-T37-U37-V37 -> 2133.3333
E38: 47362 | F38: =$B$7 -> 5833.3333 | G38: 2250 | H38: =H26 -> 300 | I38: 500 | J38: 600 | K38: 300 | L38: =F38-G38-H38-I38-J38-K38 -> 1883.3333 | P38: 47362 | Q38: =$B$7 -> 5833.3333 | R38: =R37 -> 2000 | S38: =S26 -> 300 | T38: 500 | U38: 600 | V38: 300 | W38: =Q38-R38-S38-T38-U38-V38 -> 2133.3333
E39: 47392 | F39: =$B$7 -> 5833.3333 | G39: 2250 | H39: =H27 -> 300 | I39: 500 | J39: 600 | K39: 300 | L39: =F39-G39-H39-I39-J39-K39 -> 1883.3333 | P39: 47392 | Q39: =$B$7 -> 5833.3333 | R39: =R38 -> 2000 | S39: =S27 -> 300 | T39: 500 | U39: 600 | V39: 300 | W39: =Q39-R39-S39-T39-U39-V39 -> 2133.3333
E40: 47423 | F40: =$B$7 -> 5833.3333 | G40: 2250 | H40: =H28 -> 350 | I40: 500 | J40: 600 | K40: 300 | L40: =F40-G40-H40-I40-J40-K40 -> 1833.3333 | P40: 47423 | Q40: =$B$7 -> 5833.3333 | R40: =R39 -> 2000 | S40: =S28 -> 350 | T40: 500 | U40: 600 | V40: 300 | W40: =Q40-R40-S40-T40-U40-V40 -> 2083.3333
A41: Rent goes up to $2250 starting 2030 | E41: 47453 | F41: =$B$7 -> 5833.3333 | G41: 2250 | H41: =H29 -> 350 | I41: 500 | J41: 600 | K41: 300 | L41: =F41-G41-H41-I41-J41-K41 -> 1833.3333 | M41: =X41 -> 2029 Total | N41: =SUM(L30:L41) -> 22400 | P41: 47453 | Q41: =$B$7 -> 5833.3333 | R41: =R40 -> 2000 | S41: =S29 -> 350 | T41: 500 | U41: 600 | V41: 300 | W41: =Q41-R41-S41-T41-U41-V41 -> 2083.3333 | X41: 2029 Total | Y41: =SUM(W30:W41) -> 25400
E42: 47484 | F42: =$B$7 -> 5833.3333 | G42: 2250 | H42: =(H30+100) -> 450 | I42: 500 | J42: 600 | K42: 300 | L42: =F42-G42-H42-I42-J42-K42 -> 1733.3333 | P42: 47484 | Q42: =$B$7 -> 5833.3333 | R42: =R41 -> 2000 | S42: =(S30+100) -> 450 | T42: 500 | U42: 600 | V42: 300 | W42: =Q42-R42-S42-T42-U42-V42 -> 1983.3333
E43: 47515 | F43: =$B$7 -> 5833.3333 | G43: 2250 | H43: =(H31+100) -> 450 | I43: 500 | J43: 600 | K43: 400 | L43: =F43-G43-H43-I43-J43-K43 -> 1633.3333 | P43: 47515 | Q43: =$B$7 -> 5833.3333 | R43: =R42 -> 2000 | S43: =(S31+100) -> 450 | T43: 500 | U43: 600 | V43: 400 | W43: =Q43-R43-S43-T43-U43-V43 -> 1883.3333
E44: 47543 | F44: =$B$7 -> 5833.3333 | G44: 2250 | H44: =(H32+100) -> 400 | I44: 500 | J44: 600 | K44: 400 | L44: =F44-G44-H44-I44-J44-K44 -> 1683.3333 | P44: 47543 | Q44: =$B$7 -> 5833.3333 | R44: =R43 -> 2000 | S44: =(S32+100) -> 400 | T44: 500 | U44: 600 | V44: 400 | W44: =Q44-R44-S44-T44-U44-V44 -> 1933.3333
E45: 47574 | F45: =$B$7 -> 5833.3333 | G45: 2250 | H45: =(H33+100) -> 400 | I45: 500 | J45: 600 | K45: 400 | L45: =F45-G45-H45-I45-J45-K45 -> 1683.3333 | P45: 47574 | Q45: =$B$7 -> 5833.3333 | R45: =R44 -> 2000 | S45: =(S33+100) -> 400 | T45: 500 | U45: 600 | V45: 400 | W45: =Q45-R45-S45-T45-U45-V45 -> 1933.3333
E46: 47604 | F46: =$B$7 -> 5833.3333 | G46: 2250 | H46: =(H34+100) -> 400 | I46: 500 | J46: 600 | K46: 400 | L46: =F46-G46-H46-I46-J46-K46 -> 1683.3333 | P46: 47604 | Q46: =$B$7 -> 5833.3333 | R46: =R45 -> 2000 | S46: =(S34+100) -> 400 | T46: 500 | U46: 600 | V46: 400 | W46: =Q46-R46-S46-T46-U46-V46 -> 1933.3333
E47: 47635 | F47: =$B$7 -> 5833.3333 | G47: 2250 | H47: =H35+100 -> 400 | I47: 500 | J47: 600 | K47: 400 | L47: =F47-G47-H47-I47-J47-K47 -> 1683.3333 | P47: 47635 | Q47: =$B$7 -> 5833.3333 | R47: =R46 -> 2000 | S47: =S35+100 -> 400 | T47: 500 | U47: 600 | V47: 400 | W47: =Q47-R47-S47-T47-U47-V47 -> 1933.3333
E48: 47665 | F48: =$B$7 -> 5833.3333 | G48: 2250 | H48: =H36+100 -> 400 | I48: 500 | J48: 600 | K48: 400 | L48: =F48-G48-H48-I48-J48-K48 -> 1683.3333 | P48: 47665 | Q48: =$B$7 -> 5833.3333 | R48: =R47 -> 2000 | S48: =S36+100 -> 400 | T48: 500 | U48: 600 | V48: 400 | W48: =Q48-R48-S48-T48-U48-V48 -> 1933.3333
E49: 47696 | F49: =$B$7 -> 5833.3333 | G49: 2250 | H49: =H37+100 -> 400 | I49: 500 | J49: 600 | K49: 400 | L49: =F49-G49-H49-I49-J49-K49 -> 1683.3333 | P49: 47696 | Q49: =$B$7 -> 5833.3333 | R49: =R48 -> 2000 | S49: =S37+100 -> 400 | T49: 500 | U49: 600 | V49: 400 | W49: =Q49-R49-S49-T49-U49-V49 -> 1933.3333
E50: 47727 | F50: =$B$7 -> 5833.3333 | G50: 2250 | H50: =H38+100 -> 400 | I50: 500 | J50: 600 | K50: 400 | L50: =F50-G50-H50-I50-J50-K50 -> 1683.3333 | P50: 47727 | Q50: =$B$7 -> 5833.3333 | R50: =R49 -> 2000 | S50: =S38+100 -> 400 | T50: 500 | U50: 600 | V50: 400 | W50: =Q50-R50-S50-T50-U50-V50 -> 1933.3333
E51: 47757 | F51: =$B$7 -> 5833.3333 | G51: 2250 | H51: =H39+100 -> 400 | I51: 500 | J51: 600 | K51: 400 | L51: =F51-G51-H51-I51-J51-K51 -> 1683.3333 | P51: 47757 | Q51: =$B$7 -> 5833.3333 | R51: =R50 -> 2000 | S51: =S39+100 -> 400 | T51: 500 | U51: 600 | V51: 400 | W51: =Q51-R51-S51-T51-U51-V51 -> 1933.3333
E52: 47788 | F52: =$B$7 -> 5833.3333 | G52: 2250 | H52: =H40+100 -> 450 | I52: 500 | J52: 600 | K52: 400 | L52: =F52-G52-H52-I52-J52-K52 -> 1633.3333 | P52: 47788 | Q52: =$B$7 -> 5833.3333 | R52: =R51 -> 2000 | S52: =S40+100 -> 450 | T52: 500 | U52: 600 | V52: 400 | W52: =Q52-R52-S52-T52-U52-V52 -> 1883.3333
E53: 47818 | F53: =$B$7 -> 5833.3333 | G53: 2250 | H53: =H41+100 -> 450 | I53: 500 | J53: 600 | K53: 400 | L53: =F53-G53-H53-I53-J53-K53 -> 1633.3333 | M53: =X53 -> 2030 total | N53: =SUM(L42:L53) -> 20100 | P53: 47818 | Q53: =$B$7 -> 5833.3333 | R53: =R52+250 -> 2250 | S53: =S41+100 -> 450 | T53: 500 | U53: 600 | V53: 400 | W53: =Q53-R53-S53-T53-U53-V53 -> 1633.3333 | X53: 2030 total | Y53: =SUM(W42:W53) -> 22850
E54: 47849 | F54: =$B$7 -> 5833.3333 | G54: 2500 | H54: =H42 -> 450 | I54: 500 | J54: 600 | K54: 400 | L54: =F54-G54-H54-I54-J54-K54 -> 1383.3333 | P54: 47849 | Q54: =$B$7 -> 5833.3333 | R54: =R53 -> 2250 | S54: =S42 -> 450 | T54: 500 | U54: 600 | V54: 400 | W54: =Q54-R54-S54-T54-U54-V54 -> 1633.3333
E55: 47880 | F55: =$B$7 -> 5833.3333 | G55: 2500 | H55: =H43 -> 450 | I55: 500 | J55: 600 | K55: 400 | L55: =F55-G55-H55-I55-J55-K55 -> 1383.3333 | P55: 47880 | Q55: =$B$7 -> 5833.3333 | R55: =R54 -> 2250 | S55: =S43 -> 450 | T55: 500 | U55: 600 | V55: 400 | W55: =Q55-R55-S55-T55-U55-V55 -> 1633.3333
E56: 47908 | F56: =$B$7 -> 5833.3333 | G56: 2500 | H56: =H44 -> 400 | I56: 500 | J56: 600 | K56: 400 | L56: =F56-G56-H56-I56-J56-K56 -> 1433.3333 | P56: 47908 | Q56: =$B$7 -> 5833.3333 | R56: =R55 -> 2250 | S56: =S44 -> 400 | T56: 500 | U56: 600 | V56: 400 | W56: =Q56-R56-S56-T56-U56-V56 -> 1683.3333
E57: 47939 | F57: =$B$7 -> 5833.3333 | G57: 2500 | H57: =H45 -> 400 | I57: 500 | J57: 600 | K57: 400 | L57: =F57-G57-H57-I57-J57-K57 -> 1433.3333 | P57: 47939 | Q57: =$B$7 -> 5833.3333 | R57: =R56 -> 2250 | S57: =S45 -> 400 | T57: 500 | U57: 600 | V57: 400 | W57: =Q57-R57-S57-T57-U57-V57 -> 1683.3333
E58: 47969 | F58: =$B$7 -> 5833.3333 | G58: 2500 | H58: =H46 -> 400 | I58: 500 | J58: 600 | K58: 400 | L58: =F58-G58-H58-I58-J58-K58 -> 1433.3333 | P58: 47969 | Q58: =$B$7 -> 5833.3333 | R58: =R57 -> 2250 | S58: =S46 -> 400 | T58: 500 | U58: 600 | V58: 400 | W58: =Q58-R58-S58-T58-U58-V58 -> 1683.3333
E59: 48000 | F59: =$B$7 -> 5833.3333 | G59: 2500 | H59: =H47 -> 400 | I59: 500 | J59: 750 | K59: 400 | L59: =F59-G59-H59-I59-J59-K59 -> 1283.3333 | P59: 48000 | Q59: =$B$7 -> 5833.3333 | R59: =R58 -> 2250 | S59: =S47 -> 400 | T59: 500 | U59: 750 | V59: 400 | W59: =Q59-R59-S59-T59-U59-V59 -> 1533.3333
E60: 48030 | F60: =$B$7 -> 5833.3333 | G60: 2500 | H60: =H48 -> 400 | I60: 500 | J60: 750 | K60: 400 | L60: =F60-G60-H60-I60-J60-K60 -> 1283.3333 | P60: 48030 | Q60: =$B$7 -> 5833.3333 | R60: =R59 -> 2250 | S60: =S48 -> 400 | T60: 500 | U60: 750 | V60: 400 | W60: =Q60-R60-S60-T60-U60-V60 -> 1533.3333
E61: 48061 | F61: =$B$7 -> 5833.3333 | G61: 2500 | H61: =H49 -> 400 | I61: 500 | J61: 750 | K61: 400 | L61: =F61-G61-H61-I61-J61-K61 -> 1283.3333 | P61: 48061 | Q61: =$B$7 -> 5833.3333 | R61: =R60 -> 2250 | S61: =S49 -> 400 | T61: 500 | U61: 750 | V61: 400 | W61: =Q61-R61-S61-T61-U61-V61 -> 1533.3333
E62: 48092 | F62: =$B$7 -> 5833.3333 | G62: 2500 | H62: =H50 -> 400 | I62: 500 | J62: 750 | K62: 400 | L62: =F62-G62-H62-I62-J62-K62 -> 1283.3333 | P62: 48092 | Q62: =$B$7 -> 5833.3333 | R62: =R61 -> 2250 | S62: =S50 -> 400 | T62: 500 | U62: 750 | V62: 400 | W62: =Q62-R62-S62-T62-U62-V62 -> 1533.3333
E63: 48122 | F63: =$B$7 -> 5833.3333 | G63: 2500 | H63: =H51 -> 400 | I63: 500 | J63: 750 | K63: 400 | L63: =F63-G63-H63-I63-J63-K63 -> 1283.3333 | P63: 48122 | Q63: =$B$7 -> 5833.3333 | R63: =R62 -> 2250 | S63: =S51 -> 400 | T63: 500 | U63: 750 | V63: 400 | W63: =Q63-R63-S63-T63-U63-V63 -> 1533.3333
E64: 48153 | F64: =$B$7 -> 5833.3333 | G64: 2500 | H64: =H52 -> 450 | I64: 500 | J64: 750 | K64: 400 | L64: =F64-G64-H64-I64-J64-K64 -> 1233.3333 | P64: 48153 | Q64: =$B$7 -> 5833.3333 | R64: =R63 -> 2250 | S64: =S52 -> 450 | T64: 500 | U64: 750 | V64: 400 | W64: =Q64-R64-S64-T64-U64-V64 -> 1483.3333
E65: 48183 | F65: =$B$7 -> 5833.3333 | G65: 2500 | H65: =H53 -> 450 | I65: 500 | J65: 750 | K65: 400 | L65: =F65-G65-H65-I65-J65-K65 -> 1233.3333 | M65: =X65 -> 2031 total | N65: =SUM(L54:L65) -> 15950 | P65: 48183 | Q65: =$B$7 -> 5833.3333 | R65: =R64 -> 2250 | S65: =S53 -> 450 | T65: 500 | U65: 750 | V65: 400 | W65: =Q65-R65-S65-T65-U65-V65 -> 1483.3333 | X65: 2031 total | Y65: =SUM(W54:W65) -> 18950
E66: 48214 | F66: =$B$7 -> 5833.3333 | G66: 2500 | H66: =H54 -> 450 | I66: 500 | J66: 750 | K66: 400 | L66: =F66-G66-H66-I66-J66-K66 -> 1233.3333 | P66: 48214 | Q66: =$B$7 -> 5833.3333 | R66: =R65 -> 2250 | S66: =S54 -> 450 | T66: 500 | U66: 750 | V66: 400 | W66: =Q66-R66-S66-T66-U66-V66 -> 1483.3333
E67: 48245 | F67: =$B$7 -> 5833.3333 | G67: 2500 | H67: =H55 -> 450 | I67: 500 | J67: 750 | K67: 400 | L67: =F67-G67-H67-I67-J67-K67 -> 1233.3333 | P67: 48245 | Q67: =$B$7 -> 5833.3333 | R67: =R66 -> 2250 | S67: =S55 -> 450 | T67: 500 | U67: 750 | V67: 400 | W67: =Q67-R67-S67-T67-U67-V67 -> 1483.3333
E68: 48274 | F68: =$B$7 -> 5833.3333 | G68: 2500 | H68: =H56 -> 400 | I68: 500 | J68: 750 | K68: 400 | L68: =F68-G68-H68-I68-J68-K68 -> 1283.3333 | P68: 48274 | Q68: =$B$7 -> 5833.3333 | R68: =R67 -> 2250 | S68: =S56 -> 400 | T68: 500 | U68: 750 | V68: 400 | W68: =Q68-R68-S68-T68-U68-V68 -> 1533.3333
E69: 48305 | F69: =$B$7 -> 5833.3333 | G69: 2500 | H69: =H57 -> 400 | I69: 500 | J69: 750 | K69: 400 | L69: =F69-G69-H69-I69-J69-K69 -> 1283.3333 | P69: 48305 | Q69: =$B$7 -> 5833.3333 | R69: =R68 -> 2250 | S69: =S57 -> 400 | T69: 500 | U69: 750 | V69: 400 | W69: =Q69-R69-S69-T69-U69-V69 -> 1533.3333
E70: 48335 | F70: =$B$7 -> 5833.3333 | G70: 2500 | H70: =H58 -> 400 | I70: 500 | J70: 750 | K70: 400 | L70: =F70-G70-H70-I70-J70-K70 -> 1283.3333 | P70: 48335 | Q70: =$B$7 -> 5833.3333 | R70: =R69 -> 2250 | S70: =S58 -> 400 | T70: 500 | U70: 750 | V70: 400 | W70: =Q70-R70-S70-T70-U70-V70 -> 1533.3333
E71: 48366 | F71: =$B$7 -> 5833.3333 | G71: 2500 | H71: =H59 -> 400 | I71: 500 | J71: 750 | K71: 400 | L71: =F71-G71-H71-I71-J71-K71 -> 1283.3333 | P71: 48366 | Q71: =$B$7 -> 5833.3333 | R71: =R70 -> 2250 | S71: =S59 -> 400 | T71: 500 | U71: 750 | V71: 400 | W71: =Q71-R71-S71-T71-U71-V71 -> 1533.3333
E72: 48396 | F72: =$B$7 -> 5833.3333 | G72: 2500 | H72: =H60 -> 400 | I72: 500 | J72: 750 | K72: 400 | L72: =F72-G72-H72-I72-J72-K72 -> 1283.3333 | P72: 48396 | Q72: =$B$7 -> 5833.3333 | R72: =R71 -> 2250 | S72: =S60 -> 400 | T72: 500 | U72: 750 | V72: 400 | W72: =Q72-R72-S72-T72-U72-V72 -> 1533.3333
E73: 48427 | F73: =$B$7 -> 5833.3333 | G73: 2500 | H73: =H61 -> 400 | I73: 500 | J73: 750 | K73: 400 | L73: =F73-G73-H73-I73-J73-K73 -> 1283.3333 | P73: 48427 | Q73: =$B$7 -> 5833.3333 | R73: =R72 -> 2250 | S73: =S61 -> 400 | T73: 500 | U73: 750 | V73: 400 | W73: =Q73-R73-S73-T73-U73-V73 -> 1533.3333
E74: 48458 | F74: =$B$7 -> 5833.3333 | G74: 2500 | H74: =H62 -> 400 | I74: 500 | J74: 750 | K74: 400 | L74: =F74-G74-H74-I74-J74-K74 -> 1283.3333 | P74: 48458 | Q74: =$B$7 -> 5833.3333 | R74: =R73 -> 2250 | S74: =S62 -> 400 | T74: 500 | U74: 750 | V74: 400 | W74: =Q74-R74-S74-T74-U74-V74 -> 1533.3333
E75: 48488 | F75: =$B$7 -> 5833.3333 | G75: 2500 | H75: =H63 -> 400 | I75: 500 | J75: 750 | K75: 400 | L75: =F75-G75-H75-I75-J75-K75 -> 1283.3333 | P75: 48488 | Q75: =$B$7 -> 5833.3333 | R75: =R74 -> 2250 | S75: =S63 -> 400 | T75: 500 | U75: 750 | V75: 400 | W75: =Q75-R75-S75-T75-U75-V75 -> 1533.3333
E76: 48519 | F76: =$B$7 -> 5833.3333 | G76: 2500 | H76: =H64 -> 450 | I76: 500 | J76: 750 | K76: 400 | L76: =F76-G76-H76-I76-J76-K76 -> 1233.3333 | P76: 48519 | Q76: =$B$7 -> 5833.3333 | R76: =R75 -> 2250 | S76: =S64 -> 450 | T76: 500 | U76: 750 | V76: 400 | W76: =Q76-R76-S76-T76-U76-V76 -> 1483.3333
E77: 48549 | F77: =$B$7 -> 5833.3333 | G77: 2500 | H77: =H65 -> 450 | I77: 500 | J77: 750 | K77: 400 | L77: =F77-G77-H77-I77-J77-K77 -> 1233.3333 | M77: =X77 -> 2032 Total | N77: =SUM(L66:L77) -> 15200 | P77: 48549 | Q77: =$B$7 -> 5833.3333 | R77: =R76 -> 2250 | S77: =S65 -> 450 | T77: 500 | U77: 750 | V77: 400 | W77: =Q77-R77-S77-T77-U77-V77 -> 1483.3333 | X77: 2032 Total | Y77: =SUM(W66:W77) -> 18200
E78: 48580 | F78: =$B$7 -> 5833.3333 | G78: 2750 | H78: =H66 -> 450 | I78: 500 | J78: 750 | K78: 400 | L78: =F78-G78-H78-I78-J78-K78 -> 983.33333 | P78: 48580 | Q78: =$B$7 -> 5833.3333 | R78: =R77 -> 2250 | S78: =S66 -> 450 | T78: 500 | U78: 750 | V78: 400 | W78: =Q78-R78-S78-T78-U78-V78 -> 1483.3333
E79: 48611 | F79: =$B$7 -> 5833.3333 | G79: 2750 | H79: =H67 -> 450 | I79: 500 | J79: 750 | K79: 400 | L79: =F79-G79-H79-I79-J79-K79 -> 983.33333 | P79: 48611 | Q79: =$B$7 -> 5833.3333 | R79: =R78 -> 2250 | S79: =S67 -> 450 | T79: 500 | U79: 750 | V79: 400 | W79: =Q79-R79-S79-T79-U79-V79 -> 1483.3333
E80: 48639 | F80: =$B$7 -> 5833.3333 | G80: 2750 | H80: =H68 -> 400 | I80: 500 | J80: 750 | K80: 400 | L80: =F80-G80-H80-I80-J80-K80 -> 1033.3333 | P80: 48639 | Q80: =$B$7 -> 5833.3333 | R80: =R79 -> 2250 | S80: =S68 -> 400 | T80: 500 | U80: 750 | V80: 400 | W80: =Q80-R80-S80-T80-U80-V80 -> 1533.3333
E81: 48670 | F81: =$B$7 -> 5833.3333 | G81: 2750 | H81: =H69 -> 400 | I81: 500 | J81: 750 | K81: 400 | L81: =F81-G81-H81-I81-J81-K81 -> 1033.3333 | P81: 48670 | Q81: =$B$7 -> 5833.3333 | R81: =R80 -> 2250 | S81: =S69 -> 400 | T81: 500 | U81: 750 | V81: 400 | W81: =Q81-R81-S81-T81-U81-V81 -> 1533.3333
E82: 48700 | F82: =$B$7 -> 5833.3333 | G82: 2750 | H82: =H70 -> 400 | I82: 500 | J82: 750 | K82: 400 | L82: =F82-G82-H82-I82-J82-K82 -> 1033.3333 | P82: 48700 | Q82: =$B$7 -> 5833.3333 | R82: =R81 -> 2250 | S82: =S70 -> 400 | T82: 500 | U82: 750 | V82: 400 | W82: =Q82-R82-S82-T82-U82-V82 -> 1533.3333
E83: 48731 | F83: =$B$7 -> 5833.3333 | G83: 2750 | H83: =H71 -> 400 | I83: 500 | J83: 750 | K83: 400 | L83: =F83-G83-H83-I83-J83-K83 -> 1033.3333 | P83: 48731 | Q83: =$B$7 -> 5833.3333 | R83: =R82 -> 2250 | S83: =S71 -> 400 | T83: 500 | U83: 750 | V83: 400 | W83: =Q83-R83-S83-T83-U83-V83 -> 1533.3333
E84: 48761 | F84: =$B$7 -> 5833.3333 | G84: 2750 | H84: =H72 -> 400 | I84: 500 | J84: 750 | K84: 400 | L84: =F84-G84-H84-I84-J84-K84 -> 1033.3333 | P84: 48761 | Q84: =$B$7 -> 5833.3333 | R84: =R83 -> 2250 | S84: =S72 -> 400 | T84: 500 | U84: 750 | V84: 400 | W84: =Q84-R84-S84-T84-U84-V84 -> 1533.3333
E85: 48792 | F85: =$B$7 -> 5833.3333 | G85: 2750 | H85: =H73 -> 400 | I85: 500 | J85: 750 | K85: 400 | L85: =F85-G85-H85-I85-J85-K85 -> 1033.3333 | P85: 48792 | Q85: =$B$7 -> 5833.3333 | R85: =R84 -> 2250 | S85: =S73 -> 400 | T85: 500 | U85: 750 | V85: 400 | W85: =Q85-R85-S85-T85-U85-V85 -> 1533.3333
E86: 48823 | F86: =$B$7 -> 5833.3333 | G86: 2750 | H86: =H74 -> 400 | I86: 500 | J86: 750 | K86: 400 | L86: =F86-G86-H86-I86-J86-K86 -> 1033.3333 | P86: 48823 | Q86: =$B$7 -> 5833.3333 | R86: =R85 -> 2250 | S86: =S74 -> 400 | T86: 500 | U86: 750 | V86: 400 | W86: =Q86-R86-S86-T86-U86-V86 -> 1533.3333
E87: 48853 | F87: =$B$7 -> 5833.3333 | G87: 2750 | H87: =H75 -> 400 | I87: 500 | J87: 750 | K87: 400 | L87: =F87-G87-H87-I87-J87-K87 -> 1033.3333 | P87: 48853 | Q87: =$B$7 -> 5833.3333 | R87: =R86 -> 2250 | S87: =S75 -> 400 | T87: 500 | U87: 750 | V87: 400 | W87: =Q87-R87-S87-T87-U87-V87 -> 1533.3333
E88: 48884 | F88: =$B$7 -> 5833.3333 | G88: 2750 | H88: =H76 -> 450 | I88: 500 | J88: 750 | K88: 400 | L88: =F88-G88-H88-I88-J88-K88 -> 983.33333 | P88: 48884 | Q88: =$B$7 -> 5833.3333 | R88: =R87 -> 2250 | S88: =S76 -> 450 | T88: 500 | U88: 750 | V88: 400 | W88: =Q88-R88-S88-T88-U88-V88 -> 1483.3333
E89: 48914 | F89: =$B$7 -> 5833.3333 | G89: 2750 | H89: =H77 -> 450 | I89: 500 | J89: 750 | K89: 400 | L89: =F89-G89-H89-I89-J89-K89 -> 983.33333 | M89: =X89 -> 2033 Total | N89: =SUM(L78:L89) -> 12200 | P89: 48914 | Q89: =$B$7 -> 5833.3333 | R89: =2500 -> 2500 | S89: =S77 -> 450 | T89: 500 | U89: 750 | V89: 400 | W89: =Q89-R89-S89-T89-U89-V89 -> 1233.3333 | X89: 2033 Total | Y89: =SUM(W78:W89) -> 17950
A90: Raise | B90: 90000 | E90: 48945 | F90: =B90/12 -> 7500 | G90: 2750 | H90: =H78 -> 450 | I90: 500 | J90: 750 | K90: 400 | L90: =F90-G90-H90-I90-J90-K90 -> 2650 | P90: 48945 | Q90: =F90 -> 7500 | R90: =2500 -> 2500 | S90: =S78 -> 450 | T90: 500 | U90: 750 | V90: 400 | W90: =Q90-R90-S90-T90-U90-V90 -> 2900
E91: 48976 | F91: =$F$90 -> 7500 | G91: 2750 | H91: =H79 -> 450 | I91: 500 | J91: 750 | K91: 400 | L91: =F91-G91-H91-I91-J91-K91 -> 2650 | P91: 48976 | Q91: =$F$90 -> 7500 | R91: =2500 -> 2500 | S91: =S79 -> 450 | T91: 500 | U91: 750 | V91: 400 | W91: =Q91-R91-S91-T91-U91-V91 -> 2900
E92: 49004 | F92: =$F$90 -> 7500 | G92: 2750 | H92: =H80 -> 400 | I92: 500 | J92: 750 | K92: 400 | L92: =F92-G92-H92-I92-J92-K92 -> 2700 | P92: 49004 | Q92: =$F$90 -> 7500 | R92: =2500 -> 2500 | S92: =S80 -> 400 | T92: 500 | U92: 750 | V92: 400 | W92: =Q92-R92-S92-T92-U92-V92 -> 2950
E93: 49035 | F93: =$F$90 -> 7500 | G93: 2750 | H93: =H81 -> 400 | I93: 500 | J93: 750 | K93: 400 | L93: =F93-G93-H93-I93-J93-K93 -> 2700 | P93: 49035 | Q93: =$F$90 -> 7500 | R93: =2500 -> 2500 | S93: =S81 -> 400 | T93: 500 | U93: 750 | V93: 400 | W93: =Q93-R93-S93-T93-U93-V93 -> 2950
E94: 49065 | F94: =$F$90 -> 7500 | G94: 2750 | H94: =H82 -> 400 | I94: 500 | J94: 750 | K94: 400 | L94: =F94-G94-H94-I94-J94-K94 -> 2700 | P94: 49065 | Q94: =$F$90 -> 7500 | R94: =2500 -> 2500 | S94: =S82 -> 400 | T94: 500 | U94: 750 | V94: 400 | W94: =Q94-R94-S94-T94-U94-V94 -> 2950
E95: 49096 | F95: =$F$90 -> 7500 | G95: 2750 | H95: =H83 -> 400 | I95: 500 | J95: 750 | K95: 400 | L95: =F95-G95-H95-I95-J95-K95 -> 2700 | P95: 49096 | Q95: =$F$90 -> 7500 | R95: =2500 -> 2500 | S95: =S83 -> 400 | T95: 500 | U95: 750 | V95: 400 | W95: =Q95-R95-S95-T95-U95-V95 -> 2950
E96: 49126 | F96: =$F$90 -> 7500 | G96: 2750 | H96: =H84 -> 400 | I96: 500 | J96: 750 | K96: 400 | L96: =F96-G96-H96-I96-J96-K96 -> 2700 | P96: 49126 | Q96: =$F$90 -> 7500 | R96: =2500 -> 2500 | S96: =S84 -> 400 | T96: 500 | U96: 750 | V96: 400 | W96: =Q96-R96-S96-T96-U96-V96 -> 2950
E97: 49157 | F97: =$F$90 -> 7500 | G97: 2750 | H97: =H85 -> 400 | I97: 500 | J97: 750 | K97: 400 | L97: =F97-G97-H97-I97-J97-K97 -> 2700 | P97: 49157 | Q97: =$F$90 -> 7500 | R97: =2500 -> 2500 | S97: =S85 -> 400 | T97: 500 | U97: 750 | V97: 400 | W97: =Q97-R97-S97-T97-U97-V97 -> 2950
E98: 49188 | F98: =$F$90 -> 7500 | G98: 2750 | H98: =H86 -> 400 | I98: 500 | J98: 750 | K98: 400 | L98: =F98-G98-H98-I98-J98-K98 -> 2700 | P98: 49188 | Q98: =$F$90 -> 7500 | R98: =2500 -> 2500 | S98: =S86 -> 400 | T98: 500 | U98: 750 | V98: 400 | W98: =Q98-R98-S98-T98-U98-V98 -> 2950
E99: 49218 | F99: =$F$90 -> 7500 | G99: 2750 | H99: =H87 -> 400 | I99: 500 | J99: 750 | K99: 400 | L99: =F99-G99-H99-I99-J99-K99 -> 2700 | P99: 49218 | Q99: =$F$90 -> 7500 | R99: =2500 -> 2500 | S99: =S87 -> 400 | T99: 500 | U99: 750 | V99: 400 | W99: =Q99-R99-S99-T99-U99-V99 -> 2950
E100: 49249 | F100: =$F$90 -> 7500 | G100: 2750 | H100: =H88 -> 450 | I100: 500 | J100: 750 | K100: 400 | L100: =F100-G100-H100-I100-J100-K100 -> 2650 | P100: 49249 | Q100: =$F$90 -> 7500 | R100: =2500 -> 2500 | S100: =S88 -> 450 | T100: 500 | U100: 750 | V100: 400 | W100: =Q100-R100-S100-T100-U100-V100 -> 2900
E101: 49279 | F101: =$F$90 -> 7500 | G101: 2750 | H101: =H89 -> 450 | I101: 500 | J101: 750 | K101: 400 | L101: =F101-G101-H101-I101-J101-K101 -> 2650 | M101: =X101 -> 2034 total | N101: =SUM(L90:L101) -> 32200 | P101: 49279 | Q101: =$F$90 -> 7500 | R101: =2500 -> 2500 | S101: =S89 -> 450 | T101: 500 | U101: 750 | V101: 400 | W101: =Q101-R101-S101-T101-U101-V101 -> 2900 | X101: 2034 total | Y101: =SUM(W90:W101) -> 35200
E102: 49310 | F102: =$F$90 -> 7500 | G102: 3000 | H102: =H90 -> 450 | I102: 500 | J102: 750 | K102: 400 | L102: =F102-G102-H102-I102-J102-K102 -> 2400 | P102: 49310 | Q102: =$F$90 -> 7500 | R102: 2750 | S102: =S90 -> 450 | T102: 500 | U102: 750 | V102: 400 | W102: =Q102-R102-S102-T102-U102-V102 -> 2650
E103: 49341 | F103: =$F$90 -> 7500 | G103: 3000 | H103: =H91 -> 450 | I103: 500 | J103: 750 | K103: 400 | L103: =F103-G103-H103-I103-J103-K103 -> 2400 | P103: 49341 | Q103: =$F$90 -> 7500 | R103: 2750 | S103: =S91 -> 450 | T103: 500 | U103: 750 | V103: 400 | W103: =Q103-R103-S103-T103-U103-V103 -> 2650
...

Sheet Sheet3
A1: Part III
A4: 401K | H4: High yield savings account
A5: At firm | E5: At Store | N5: Stocks | P5: Current stock price | Q5: Beta | R5: Risk-free | S5: Market Risk | T5: CAPM | U5: Stock Price 1 year | V5: Stock Price 2 years | W5: Stock Price 5 years | X5: Stock Price 10 years | Y5: Stock Price 20 years
A6: Starting Salary | B6: 70000 | E6: Starting Salary | F6: 200000 | H6: Initial Deposit | I6: 20000 | K6: 2nd deposit after 20 years | L6: 50000 | N6: NVDA | O6: #VALUE! | P6: {=_FV(O6,"Price")} -> 184.97 | Q6: {=_FV(O6,"Beta")} -> 2.3131 | R6: 0.0414 | S6: 0.11 | T6: =R6+Q6*(S6-R6) -> 0.20007866 | U6: =$P$6*(1+$T$6) -> 221.97855 | V6: =$P$6*(1+$T$6)^2 -> 266.39172 | W6: =$P$6*(1+$T$6)^5 -> 460.41542 | X6: =$P$6*(1+$T$6)^10 -> 1146.0364 | Y6: =$P$6*(1+$T$6)^20 -> 7100.6084
A7: Starting Balance (will start working in summer of 2026)= | B7: =Sheet2!N17+7000 -> 32400 | E7: Starting Balance (after 10 years) | F7: =B21 -> 83550.397 | H7: Rate(APY) | I7: 0.043 | K7: Rate | L7: 0.043 | N7: PLTR | O7: #VALUE! | P7: {=_FV(O7,"Price")} -> 181.84 | Q7: {=_FV(O7,"Beta")} -> 1.5423 | R7: 0.0414 | S7: 0.11 | T7: =R7+Q7*(S7-R7) -> 0.14720178 | U7: =$P$7*(1+$T$7) -> 208.60717 | V7: =$P$7*(1+$T$7)^2 -> 239.31452 | W7: =$P$7*(1+$T$7)^5 -> 361.31707 | X7: =$P$7*(1+$T$7)^10 -> 717.939 | Y7: =$P$7*(1+$T$7)^20 -> 2834.5601
A8: Salary contribution (presumably 6%) | B8: =B6*0.06 -> 4200 | E8: Salary contribution (presumably 9%) | F8: =F7*0.09 -> 7519.5358 | H8: Time to hold bond | I8: 50 years | K8: Time to hold bond | L8: 30 years | N8: GDX | O8: #VALUE! | P8: {=_FV(O8,"Price")} -> 81.92 | Q8: {=_FV(O8,"Beta")} -> 0.9454 | R8: 0.0414 | S8: 0.11 | T8: =R8+Q8*(S8-R8) -> 0.10625444 | U8: =$P$8*(1+$T$8) -> 90.624364 | V8: =$P$8*(1+$T$8)^2 -> 100.2536 | W8: =$P$8*(1+$T$8)^5 -> 135.72663 | X8: =$P$8*(1+$T$8)^10 -> 224.8745 | Y8: =$P$8*(1+$T$8)^20 -> 617.29176
A9: Employer contribution (presumably half of salary contribution) | B9: =B8/2 -> 2100 | E9: Employer contribution (presumably half of salary contribution) | F9: =F8/2 -> 3759.7679 | N9: GLD | O9: #VALUE! | P9: {=_FV(O9,"Price")} -> 387.39 | Q9: {=_FV(O9,"Beta")} -> 0.8298 | R9: 0.0414 | S9: 0.11 | T9: =R9+Q9*(S9-R9) -> 0.09832428 | U9: =$P$9*(1+$T$9) -> 425.47984 | V9: =$P$9*(1+$T$9)^2 -> 467.31484 | W9: =$P$9*(1+$T$9)^5 -> 619.15777 | X9: =$P$9*(1+$T$9)^10 -> 989.58761 | Y9: =$P$9*(1+$T$9)^20 -> 2527.9012
A10: Annual return (8%) | B10: 0.08 | E10: Annual return (10%) | F10: 0.1 | H10: after 1 year | I10: =$I$6+($I$6*$I$7) -> 20860 | K10: after 1 year | L10: =$L$6+($L$6*$L$7) -> 52150 | N10: PALL | O10: #VALUE! | P10: {=_FV(O10,"Price")} -> 137.47 | Q10: {=_FV(O10,"Beta")} -> 0.3452 | R10: 0.0414 | S10: 0.11 | T10: =R10+Q10*(S10-R10) -> 0.06508072 | U10: =$P$10*(1+$T$10) -> 146.41665 | V10: =$P$10*(1+$T$10)^2 -> 155.94555 | W10: =$P$10*(1+$T$10)^5 -> 188.4172 | X10: =$P$10*(1+$T$10)^10 -> 258.24574 | Y10: =$P$10*(1+$T$10)^20 -> 485.1303
H11: After 5 years | I11: =$I$6+($I$6*$I$7*5) -> 24300 | K11: after 5 years | L11: =$L$6+($L$6*$L$7*5) -> 60750 | N11: SLV | O11: #VALUE! | P11: {=_FV(O11,"Price")} -> 55.165 | Q11: {=_FV(O11,"Beta")} -> 1.4114 | R11: 0.0414 | S11: 0.11 | T11: =R11+Q11*(S11-R11) -> 0.13822204 | U11: =$P$11*(1+$T$11) -> 62.790019 | V11: =$P$11*(1+$T$11)^2 -> 71.468983 | W11: =$P$11*(1+$T$11)^5 -> 105.3898 | X11: =$P$11*(1+$T$11)^10 -> 201.34161 | Y11: =$P$11*(1+$T$11)^20 -> 734.85802
A12: Year 1 | B12: =($B$7+$B$8+$B$9)*(1+$B$10) -> 41796 | E12: Year 1 | F12: =($F$7+$F$8+$F$9)*(1+$F$10) -> 104312.67 | H12: After 10 years | I12: =$I$6+($I$6*$I$7*10) -> 28600 | K12: after 10 years | L12: =$L$6+($L$6*$L$7*10) -> 71500 | N12: SNDK | O12: #VALUE! | P12: {=_FV(O12,"Price")} -> 219.46 | Q12: {=_FV(O12,"Beta")} -> 2.544 | R12: 0.0414 | S12: 0.11 | T12: =R12+Q12*(S12-R12) -> 0.2159184 | U12: =$P$12*(1+$T$12) -> 266.84545 | V12: =$P$12*(1+$T$12)^2 -> 324.4623 | W12: =$P$12*(1+$T$12)^5 -> 583.28059 | X12: =$P$12*(1+$T$12)^10 -> 1550.2426 | Y12: =$P$12*(1+$T$12)^20 -> 10950.753
A13: Year 2 | B13: =($B$7+$B$8+$B$9)*(1+$B$10)^2 -> 45139.68 | E13: Year 2 | F13: =($F$7+$F$8+$F$9)*(1+$F$10)^2 -> 114743.94 | H13: After 20 years | I13: =$I$6+($I$6*$I$7*20) -> 37200 | K13: after 20 years | L13: =$L$6+($L$6*$L$7*20) -> 93000 | N13: SOXL | O13: #VALUE! | P13: {=_FV(O13,"Price")} -> 47.77 | Q13: {=_FV(O13,"Beta")} -> 4.4264 | R13: 0.0414 | S13: 0.11 | T13: =R13+Q13*(S13-R13) -> 0.34505104 | U13: =$P$13*(1+$T$13) -> 64.253088 | V13: =$P$13*(1+$T$13)^2 -> 86.423683 | W13: =$P$13*(1+$T$13)^5 -> 210.30474 | X13: =$P$13*(1+$T$13)^10 -> 925.85481 | Y13: =$P$13*(1+$T$13)^20 -> 17944.466
A14: Year 3 | B14: =($B$7+$B$8+$B$9)*(1+$B$10)^3 -> 48750.854 | E14: Year 3 | F14: =($F$7+$F$8+$F$9)*(1+$F$10)^3 -> 126218.33 | H14: After 30 years | I14: =$I$6+($I$6*$I$7*30) -> 45800 | K14: after 30 years | L14: =$L$6+($L$6*$L$7*30) -> 114500 | N14: TSLA | O14: #VALUE! | P14: {=_FV(O14,"Price")} -> 445.2633 | Q14: {=_FV(O14,"Beta")} -> 1.8369 | R14: 0.0414 | S14: 0.11 | T14: =R14+Q14*(S14-R14) -> 0.16741134 | U14: =$P$14*(1+$T$14) -> 519.80543 | V14: =$P$14*(1+$T$14)^2 -> 606.82675 | W14: =$P$14*(1+$T$14)^5 -> 965.46479 | X14: =$P$14*(1+$T$14)^10 -> 2093.4181 | Y14: =$P$14*(1+$T$14)^20 -> 9842.265
A15: Year 4 | B15: =($B$7+$B$8+$B$9)*(1+$B$10)^4 -> 52650.923 | E15: Year 4 | F15: =($F$7+$F$8+$F$9)*(1+$F$10)^4 -> 138840.17 | H15: After 40 years | I15: =$I$6+($I$6*$I$7*40) -> 54400 | N15: TQQQ | O15: #VALUE! | P15: {=_FV(O15,"Price")} -> 56.01 | Q15: {=_FV(O15,"Beta")} -> 3.1355 | R15: 0.0414 | S15: 0.11 | T15: =R15+Q15*(S15-R15) -> 0.2564953 | U15: =$P$15*(1+$T$15) -> 70.376302 | V15: =$P$15*(1+$T$15)^2 -> 88.427492 | W15: =$P$15*(1+$T$15)^5 -> 175.41629 | X15: =$P$15*(1+$T$15)^10 -> 549.38179 | Y15: =$P$15*(1+$T$15)^20 -> 5388.6868
A16: Year 5 | B16: =($B$7+$B$8+$B$9)*(1+$B$10)^5 -> 56862.997 | E16: Year 5 | F16: =($F$7+$F$8+$F$9)*(1+$F$10)^5 -> 152724.18 | H16: After 50 years | I16: =$I$6+($I$6*$I$7*50) -> 63000 | N16: XLK | O16: #VALUE! | P16: {=_FV(O16,"Price")} -> 148.04 | Q16: {=_FV(O16,"Beta")} -> 0.9748 | R16: 0.0414 | S16: 0.11 | T16: =R16+Q16*(S16-R16) -> 0.10827128 | U16: =$P$16*(1+$T$16) -> 164.06848 | V16: =$P$16*(1+$T$16)^2 -> 181.83238 | W16: =$P$16*(1+$T$16)^5 -> 247.51953 | X16: =$P$16*(1+$T$16)^10 -> 413.84705 | Y16: =$P$16*(1+$T$16)^20 -> 1156.9129
A17: Year 6 | B17: =($B$7+$B$8+$B$9)*(1+$B$10)^6 -> 61412.036 | E17: Year 6 | F17: =($F$7+$F$8+$F$9)*(1+$F$10)^6 -> 167996.6 | N17: V | O17: #VALUE! | P17: {=_FV(O17,"Price")} -> 326.56 | Q17: {=_FV(O17,"Beta")} -> 0.8218 | R17: 0.0414 | S17: 0.11 | T17: =R17+Q17*(S17-R17) -> 0.09777548 | U17: =$P$17*(1+$T$17) -> 358.48956 | V17: =$P$17*(1+$T$17)^2 -> 393.54105 | W17: =$P$17*(1+$T$17)^5 -> 520.63171 | X17: =$P$17*(1+$T$17)^10 -> 830.03852 | Y17: =$P$17*(1+$T$17)^20 -> 2109.7622
A18: Year 7 | B18: =($B$7+$B$8+$B$9)*(1+$B$10)^7 -> 66324.999 | E18: Year 7 | F18: =($F$7+$F$8+$F$9)*(1+$F$10)^7 -> 184796.26 | N18: ABNB | O18: #VALUE! | P18: {=_FV(O18,"Price")} -> 125.39 | Q18: {=_FV(O18,"Beta")} -> 1.1123 | R18: 0.0414 | S18: 0.11 | T18: =R18+Q18*(S18-R18) -> 0.11770378 | U18: =$P$18*(1+$T$18) -> 140.14888 | V18: =$P$18*(1+$T$18)^2 -> 156.64493 | W18: =$P$18*(1+$T$18)^5 -> 218.72403 | X18: =$P$18*(1+$T$18)^10 -> 381.53124 | Y18: =$P$18*(1+$T$18)^20 -> 1160.9066
A19: Year 8 | B19: =($B$7+$B$8+$B$9)*(1+$B$10)^8 -> 71630.999 | E19: Year 8 | F19: =($F$7+$F$8+$F$9)*(1+$F$10)^8 -> 203275.89 | N19: SLV | O19: #VALUE! | P19: {=_FV(O19,"Price")} -> 55.165 | Q19: {=_FV(O19,"Beta")} -> 1.4114 | R19: 0.0414 | S19: 0.11 | T19: =R19+Q19*(S19-R19) -> 0.13822204 | U19: =$P$19*(1+$T$19) -> 62.790019 | V19: =$P$19*(1+$T$19)^2 -> 71.468983 | W19: =$P$19*(1+$T$19)^5 -> 105.3898 | X19: =$P$19*(1+$T$19)^10 -> 201.34161 | Y19: =$P$19*(1+$T$19)^20 -> 734.85802
A20: Year 9 | B20: =($B$7+$B$8+$B$9)*(1+$B$10)^9 -> 77361.479 | E20: Year 9 | F20: =($F$7+$F$8+$F$9)*(1+$F$10)^9 -> 223603.47 | H20: Roth IRA (FV) | K20: After 20 years | N20: AGQ | O20: #VALUE! | P20: {=_FV(O20,"Price")} -> 122.74 | Q20: {=_FV(O20,"Beta")} -> 3.0013 | R20: 0.0414 | S20: 0.11 | T20: =R20+Q20*(S20-R20) -> 0.24728918 | U20: =$P$20*(1+$T$20) -> 153.09227 | V20: =$P$20*(1+$T$20)^2 -> 190.95034 | W20: =$P$20*(1+$T$20)^5 -> 370.52873 | X20: =$P$20*(1+$T$20)^10 -> 1118.5558 | Y20: =$P$20*(1+$T$20)^20 -> 10193.638
A21: Year 10 | B21: =($B$7+$B$8+$B$9)*(1+$B$10)^10 -> 83550.397 | E21: Year 10 | F21: =($F$7+$F$8+$F$9)*(1+$F$10)^10 -> 245963.82 | H21: Initial investment | I21: 1000 | K21: Second investment | L21: 10000 | T21: Total returns | U21: =SUM(U6:U20) -> 2955.7661 | V21: =SUM(V6:V20) -> 3401.2671 | W21: =SUM(W6:W20) -> 5267.6841 | X21: =SUM(X6:X20) -> 11602.237 | Y21: =SUM(Y6:Y20) -> 73782.598
A22: Year 11 | B22: =($B$7+$B$8+$B$9)*(1+$B$10)^11 -> 90234.429 | E22: Year 11 | F22: =($F$7+$F$8+$F$9)*(1+$F$10)^11 -> 270560.2 | H22: Rate presumably 8% | I22: 0.08 | K22: Rate | L22: 0.08
A23: Year 12 | B23: =($B$7+$B$8+$B$9)*(1+$B$10)^12 -> 97453.184 | E23: Year 12 | F23: =($F$7+$F$8+$F$9)*(1+$F$10)^12 -> 297616.22 | H23: Time | I23: 50 Years | K23: Time | L23: 30 years
A24: Year 13 | B24: =($B$7+$B$8+$B$9)*(1+$B$10)^13 -> 105249.44 | E24: Year 13 | F24: =($F$7+$F$8+$F$9)*(1+$F$10)^13 -> 327377.85
A25: Year 14 | B25: =($B$7+$B$8+$B$9)*(1+$B$10)^14 -> 113669.39 | E25: Year 14 | F25: =($F$7+$F$8+$F$9)*(1+$F$10)^14 -> 360115.63 | H25: After 1 year | I25: =$I$21*(1+$I$22) -> 1080 | K25: After 1 year | L25: =$L$21*(1+$L$22) -> 10800
A26: Year 15 | B26: =($B$7+$B$8+$B$9)*(1+$B$10)^15 -> 122762.94 | E26: Year 15 | F26: =($F$7+$F$8+$F$9)*(1+$F$10)^15 -> 396127.2 | H26: After 5 years | I26: =$I$21*(1+$I$22)^5 -> 1469.3281 | K26: After 5 years | L26: =$L$21*(1+$L$22)^5 -> 14693.281
A27: Year 16 | B27: =($B$7+$B$8+$B$9)*(1+$B$10)^16 -> 132583.98 | E27: Year 16 | F27: =($F$7+$F$8+$F$9)*(1+$F$10)^16 -> 435739.91 | H27: After 10 years | I27: =$I$21*(1+$I$22)^10 -> 2158.925 | K27: After 10 years | L27: =$L$21*(1+$L$22)^10 -> 21589.25
A28: Year 17 | B28: =($B$7+$B$8+$B$9)*(1+$B$10)^17 -> 143190.7 | E28: Year 17 | F28: =($F$7+$F$8+$F$9)*(1+$F$10)^17 -> 479313.91 | H28: After 20 years | I28: =$I$21*(1+$I$22)^20 -> 4660.9571 | K28: After 20 years | L28: =$L$21*(1+$L$22)^20 -> 46609.571
A29: Year 18 | B29: =($B$7+$B$8+$B$9)*(1+$B$10)^18 -> 154645.95 | E29: Year 18 | F29: =($F$7+$F$8+$F$9)*(1+$F$10)^18 -> 527245.3 | H29: After 30 years | I29: =$I$21*(1+$I$22)^30 -> 10062.657 | K29: After 30 years | L29: =$L$21*(1+$L$22)^30 -> 100626.57
A30: Year 19 | B30: =($B$7+$B$8+$B$9)*(1+$B$10)^19 -> 167017.63 | E30: Year 19 | F30: =($F$7+$F$8+$F$9)*(1+$F$10)^19 -> 579969.83 | H30: After 40 years | I30: =$I$21*(1+$I$22)^40 -> 21724.521
A31: Year 20 | B31: =($B$7+$B$8+$B$9)*(1+$B$10)^20 -> 180379.04 | E31: Year 20 | F31: =($F$7+$F$8+$F$9)*(1+$F$10)^20 -> 637966.81 | H31: After 50 years | I31: =$I$21*(1+$I$22)^50 -> 46901.613
A32: Year 21 | B32: =($B$7+$B$8+$B$9)*(1+$B$10)^21 -> 194809.36
A33: Year 22 | B33: =($B$7+$B$8+$B$9)*(1+$B$10)^22 -> 210394.11
A34: Year 23 | B34: =($B$7+$B$8+$B$9)*(1+$B$10)^23 -> 227225.64
A35: Year 24 | B35: =($B$7+$B$8+$B$9)*(1+$B$10)^24 -> 245403.69
A36: Year 25 | B36: =($B$7+$B$8+$B$9)*(1+$B$10)^25 -> 265035.99
A37: Year 26 | B37: =($B$7+$B$8+$B$9)*(1+$B$10)^26 -> 286238.87
A38: Year 27 | B38: =($B$7+$B$8+$B$9)*(1+$B$10)^27 -> 309137.98
A39: Year 28 | B39: =($B$7+$B$8+$B$9)*(1+$B$10)^28 -> 333869.02
A40: Year 29 | B40: =($B$7+$B$8+$B$9)*(1+$B$10)^29 -> 360578.54
A41: Year 30 | B41: =($B$7+$B$8+$B$9)*(1+$B$10)^30 -> 389424.82

Sheet Sheet4
A2: Part IV
A3: (Ideal)
A4: Bonds(Annual) (20 years from now
A5: FV | B5: 250000
A6: Coupon rate 6% | B6: 0.06
A7: YTM | B7: 0.04
A8: Coupon | B8: =B5*B6 -> 15000
A9: Years | B9: 30
A11: Bond price | B11: =PV(B7,30,-B8,-B5) -> 336460.17
N13: Business
A14: Real estate | G14: 20 year projections
D15: Monthly Cash Flow
A16: House Price | B16: =799000 -> 799000 | D16: Rent Unit 1 | E16: =B26 -> 2600 | G16: Year | H16: Annual Gross Rent | I16: Operating Expenses | J16: Mortgage and Fixed Costs | K16: Net cash flow | L16: Property Value | N16: Year | O16: Salary | P16: Savings (for family) | Q16: try to invest in new store | R16: Re-invest into business
A17: Down Payment Rate | B17: 0.2 | D17: Rent Unit 2 | E17: =B27 -> 2600 | G17: 1 | H17: =(B26+B27+B28)*12 -> 93600 | I17: =H17*(B29+B30+B31) -> 21528 | J17: =(B22*12)+B23+B24 -> 62035.203 | K17: =H17-I17-J17 -> 10036.797 | L17: =B16*(1+B33) -> 822970 | N17: 1 | O17: 200000 | P17: =O17*0.6 -> 120000 | Q17: =O17*0.3 -> 60000 | R17: =O17-P17-Q17 -> 20000
A18: Down payment | B18: =B16*B17 -> 159800 | D18: Gross monthly rent | E18: =E16+E17 -> 5200 | G18: 2 | H18: =H17*(1+$B$32) -> 95940 | I18: =I17*(1+$B$32) -> 22066.2 | J18: =($B$22*12)+($B$23*(1+$B$32)^G19)+($B$24*(1+$B$32)^G19) -> 63123.728 | K18: =H18-I18-J18 -> 10750.072 | L18: =L17*(1+$B$33) -> 847659.1 | N18: 2 | O18: 200000 | P18: =O18*0.6 -> 120000 | Q18: =O18*0.3 -> 60000 | R18: =O18-P18-Q18 -> 20000
A19: Loan | B19: =B16-B18 -> 639200 | D19: Vacancy loss | E19: =E18*B29 -> 260 | G19: 3 | H19: =H18*(1+$B$32) -> 98338.5 | I19: =I18*(1+$B$32) -> 22617.855 | J19: =($B$22*12)+($B$23*(1+$B$32)^G20)+($B$24*(1+$B$32)^G20) -> 63504.862 | K19: =H19-I19-J19 -> 12215.783 | L19: =L18*(1+$B$33) -> 873088.87 | N19: 3 | O19: 200000 | P19: =O19*0.6 -> 120000 | Q19: =O19*0.3 -> 60000 | R19: =O19-P19-Q19 -> 20000 | S19: Note: ther will be 4-5 sources of income to re invest in business)
A20: Annual mortgage rate | B20: 0.0638 | D20: Maintenance | E20: =E18*B30 -> 520 | G20: 4 | H20: =H19*(1+$B$32) -> 100796.96 | I20: =I19*(1+$B$32) -> 23183.301 | J20: =($B$22*12)+($B$23*(1+$B$32)^G21)+($B$24*(1+$B$32)^G21) -> 63895.523 | K20: =H20-I20-J20 -> 13718.138 | L20: =L19*(1+$B$33) -> 899281.54 | N20: 4 | O20: 250000 | P20: =O20*0.6 -> 150000 | Q20: =O20*0.3 -> 75000 | R20: =O20-P20-Q20 -> 25000
A21: Loan term (years) | B21: 30 | D21: Management | E21: =E18*B31 -> 416 | G21: 5 | H21: =H20*(1+$B$32) -> 103316.89 | I21: =I20*(1+$B$32) -> 23762.884 | J21: =($B$22*12)+($B$23*(1+$B$32)^G22)+($B$24*(1+$B$32)^G22) -> 64295.951 | K21: =H21-I21-J21 -> 15258.052 | L21: =L20*(1+$B$33) -> 926259.99 | N21: 5 | O21: 250000 | P21: =O21*0.6 -> 150000 | Q21: =O21*0.3 -> 75000 | R21: =O21-P21-Q21 -> 25000
A22: Monthly mortgage payment | B22: =-PMT(B20/12,B21*12,B19) -> 3989.8669 | D22: Operating Income | E22: =E18-E19-E20-E21 -> 4004 | G22: 6 | H22: =H21*(1+$B$32) -> 105899.81 | I22: =I21*(1+$B$32) -> 24356.956 | J22: =($B$22*12)+($B$23*(1+$B$32)^G23)+($B$24*(1+$B$32)^G23) -> 64706.39 | K22: =H22-I22-J22 -> 16836.463 | L22: =L21*(1+$B$33) -> 954047.78 | N22: 6 | O22: 250000 | P22: =O22*0.6 -> 150000 | Q22: =O22*0.3 -> 75000 | R22: =O22-P22-Q22 -> 25000
A23: Annual Property Tax (1.55%) | B23: 12399 | D23: Monthly Tax | E23: =B23/12 -> 1033.25 | G23: 7 | H23: =H22*(1+$B$32) -> 108547.3 | I23: =I22*(1+$B$32) -> 24965.88 | J23: =($B$22*12)+($B$23*(1+$B$32)^G24)+($B$24*(1+$B$32)^G24) -> 65127.089 | K23: =H23-I23-J23 -> 18454.335 | L23: =L22*(1+$B$33) -> 982669.22 | N23: 7 | O23: 250000 | P23: =O23*0.6 -> 150000 | Q23: =O23*0.3 -> 75000 | R23: =O23-P23-Q23 -> 25000
A24: Annual Insurance (0.22%) | B24: =B16*0.22% -> 1757.8 | D24: Monthly Insurance | E24: =B24/12 -> 146.48333 | G24: 8 | H24: =H23*(1+$B$32) -> 111260.99 | I24: =I23*(1+$B$32) -> 25590.027 | J24: =($B$22*12)+($B$23*(1+$B$32)^G25)+($B$24*(1+$B$32)^G25) -> 65558.307 | K24: =H24-I24-J24 -> 20112.653 | L24: =L23*(1+$B$33) -> 1012149.3 | N24: 8 | O24: 250000 | P24: =O24*0.6 -> 150000 | Q24: =O24*0.3 -> 75000 | R24: =O24-P24-Q24 -> 25000
A25: Renovation Budget | B25: 150000 | D25: Cash flow | E25: =E22-E23-E24 -> 2824.2667 | G25: 9 | H25: =H24*(1+$B$32) -> 114042.51 | I25: =I24*(1+$B$32) -> 26229.778 | J25: =($B$22*12)+($B$23*(1+$B$32)^G26)+($B$24*(1+$B$32)^G26) -> 66000.304 | K25: =H25-I25-J25 -> 21812.429 | L25: =L24*(1+$B$33) -> 1042513.8 | N25: 9 | O25: 300000 | P25: =O25*0.6 -> 180000 | Q25: =O25*0.3 -> 90000 | R25: =O25-P25-Q25 -> 30000
A26: Monthly Rent per unit 1 | B26: 2600 | G26: 10 | H26: =H25*(1+$B$32) -> 116893.57 | I26: =I25*(1+$B$32) -> 26885.522 | J26: =($B$22*12)+($B$23*(1+$B$32)^G27)+($B$24*(1+$B$32)^G27) -> 66453.352 | K26: =H26-I26-J26 -> 23554.7 | L26: =L25*(1+$B$33) -> 1073789.2 | N26: 10 | O26: 300000 | P26: =O26*0.6 -> 180000 | Q26: =O26*0.3 -> 90000 | R26: =O26-P26-Q26 -> 30000
A27: Monthly Rent per unit 2 | B27: 2600 | G27: 11 | H27: =H26*(1+$B$32) -> 119815.91 | I27: =I26*(1+$B$32) -> 27557.66 | J27: =($B$22*12)+($B$23*(1+$B$32)^G28)+($B$24*(1+$B$32)^G28) -> 66917.725 | K27: =H27-I27-J27 -> 25340.528 | L27: =L26*(1+$B$33) -> 1106002.9 | N27: 11 | O27: 300000 | P27: =O27*0.6 -> 180000 | Q27: =O27*0.3 -> 90000 | R27: =O27-P27-Q27 -> 30000
A28: Monthly Rent per unit 3 | B28: 2600 | G28: 12 | H28: =H27*(1+$B$32) -> 122811.31 | I28: =I27*(1+$B$32) -> 28246.602 | J28: =($B$22*12)+($B$23*(1+$B$32)^G29)+($B$24*(1+$B$32)^G29) -> 67393.708 | K28: =H28-I28-J28 -> 27171.001 | L28: =L27*(1+$B$33) -> 1139182.9 | N28: 12 | O28: 300000 | P28: =O28*0.6 -> 180000 | Q28: =O28*0.3 -> 90000 | R28: =O28-P28-Q28 -> 30000
A29: Vacancy Rate | B29: 0.05 | G29: 13 | H29: =H28*(1+$B$32) -> 125881.59 | I29: =I28*(1+$B$32) -> 28952.767 | J29: =($B$22*12)+($B$23*(1+$B$32)^G30)+($B$24*(1+$B$32)^G30) -> 67881.591 | K29: =H29-I29-J29 -> 29047.236 | L29: =L28*(1+$B$33) -> 1173358.4 | N29: 13 | O29: 300000 | P29: =O29*0.6 -> 180000 | Q29: =O29*0.3 -> 90000 | R29: =O29-P29-Q29 -> 30000
A30: Maintenace Rate | B30: 0.1 | G30: 14 | H30: =H29*(1+$B$32) -> 129028.63 | I30: =I29*(1+$B$32) -> 29676.586 | J30: =($B$22*12)+($B$23*(1+$B$32)^G31)+($B$24*(1+$B$32)^G31) -> 68381.671 | K30: =H30-I30-J30 -> 30970.377 | L30: =L29*(1+$B$33) -> 1208559.2 | N30: 14 | O30: 350000 | P30: =O30*0.6 -> 210000 | Q30: =O30*0.3 -> 105000 | R30: =O30-P30-Q30 -> 35000
A31: Property Management rate | B31: 0.08 | G31: 15 | H31: =H30*(1+$B$32) -> 132254.35 | I31: =I30*(1+$B$32) -> 30418.5 | J31: =($B$22*12)+($B$23*(1+$B$32)^G32)+($B$24*(1+$B$32)^G32) -> 68894.252 | K31: =H31-I31-J31 -> 32941.597 | L31: =L30*(1+$B$33) -> 1244816 | N31: 15 | O31: 350000 | P31: =O31*0.6 -> 210000 | Q31: =O31*0.3 -> 105000 | R31: =O31-P31-Q31 -> 35000
A32: Annual rent growth | B32: 0.025 | G32: 16 | H32: =H31*(1+$B$32) -> 135560.71 | I32: =I31*(1+$B$32) -> 31178.963 | J32: =($B$22*12)+($B$23*(1+$B$32)^G33)+($B$24*(1+$B$32)^G33) -> 69419.649 | K32: =H32-I32-J32 -> 34962.097 | L32: =L31*(1+$B$33) -> 1282160.4 | N32: 16 | O32: 350000 | P32: =O32*0.6 -> 210000 | Q32: =O32*0.3 -> 105000 | R32: =O32-P32-Q32 -> 35000
A33: Home Value Growth | B33: 0.03 | G33: 17 | H33: =H32*(1+$B$32) -> 138949.73 | I33: =I32*(1+$B$32) -> 31958.437 | J33: =($B$22*12)+($B$23*(1+$B$32)^G34)+($B$24*(1+$B$32)^G34) -> 69958.18 | K33: =H33-I33-J33 -> 37033.109 | L33: =L32*(1+$B$33) -> 1320625.3 | N33: 17 | O33: 350000 | P33: =O33*0.6 -> 210000 | Q33: =O33*0.3 -> 105000 | R33: =O33-P33-Q33 -> 35000
G34: 18 | H34: =H33*(1+$B$32) -> 142423.47 | I34: =I33*(1+$B$32) -> 32757.398 | J34: =($B$22*12)+($B$23*(1+$B$32)^G35)+($B$24*(1+$B$32)^G35) -> 70510.174 | K34: =H34-I34-J34 -> 39155.897 | L34: =L33*(1+$B$33) -> 1360244 | N34: 18 | O34: 350000 | P34: =O34*0.6 -> 210000 | Q34: =O34*0.3 -> 105000 | R34: =O34-P34-Q34 -> 35000
G35: 19 | H35: =H34*(1+$B$32) -> 145984.06 | I35: =I34*(1+$B$32) -> 33576.333 | J35: =($B$22*12)+($B$23*(1+$B$32)^G36)+($B$24*(1+$B$32)^G36) -> 71075.969 | K35: =H35-I35-J35 -> 41331.755 | L35: =L34*(1+$B$33) -> 1401051.3 | N35: 19 | O35: 400000 | P35: =O35*0.6 -> 240000 | Q35: =O35*0.3 -> 120000 | R35: =O35-P35-Q35 -> 40000
G36: 20 | H36: =H35*(1+$B$32) -> 149633.66 | I36: =I35*(1+$B$32) -> 34415.741 | J36: =($B$22*12)+($B$23*(1+$B$32)^G37)+($B$24*(1+$B$32)^G37) -> 62035.203 | K36: =H36-I36-J36 -> 53182.713 | L36: =L35*(1+$B$33) -> 1443082.9 | N36: 20 | O36: 400000 | P36: =O36*0.6 -> 240000 | Q36: =O36*0.3 -> 120000 | R36: =O36-P36-Q36 -> 40000
P37: =SUM(P17:P36) -> 3540000 | Q37: =SUM(Q17:Q36) -> 1770000
H38: Monthly income | I38: =2600*2 -> 5200 | K38: Property Value growth | L38: =L36 -> 1443082.9 | N38: To Acquire new Business | P38: =1500000 -> 1500000
H39: Monthly costs | I39: =I38-3990-1033-146-1196 -> -1165 | K39: Loan Balance | L39: =B19/1.802 -> 354716.98
H40: Market rent saved | I40: =I39+2600 -> 1435 | K40: Total Equity | L40: =L38-L39 -> 1088365.9 | P40: (More than enough to acquire and do renovations and from there we start at 0)
K41: Total cash flow collected | L41: =SUM(K17:K36) -> 513885.73
H42: Rent per unit | I42: =2600*(1.025)^20 -> 4260.4027
H43: Total Monthly rent | I43: =I42*3 -> 12781.208
H44: Annual rent | I44: =I43*12 -> 153374.5 | K44: Total | L44: =L40+L41+I53 -> 1648045.5
H46: Vacancy+MGMT+Maintenace | I46: =I44*0.23 -> 35276.135
H47: Property tax | I47: =I44*0.14 -> 21472.43
H48: Insurance | I48: 2932.1
H49: Mortgage | I49: 47900
H51: total expenses | I51: =I46+I47+I48+I49 -> 107580.66
H53: Net Profit | I53: =I44-I51 -> 45793.834

Sheet Sheet5
A4: Retirement | D4: =Sheet4!P37 -> 3540000
A6: Total | B6: =D11+Sheet2!L140/2 -> 4045958.9 | D6: =D4/4 -> 885000
D7: =D6+Sheet4!L44 -> 2533045.5
D8: =D7+Sheet4!B11 -> 2869505.6
D9: =D8+Sheet3!B19+Sheet3!F31 -> 3579103.4
D10: =D9+Sheet3!I16+Sheet3!I31+Sheet3!L14+Sheet3!L29 -> 3904131.6
D11: =D10+Sheet3!X21 -> 3915733.9
